 Dungeon Crawl Stone Soup version 0.27.1-34-g3ba077fa99 (webtiles) character file.

Game seed: 7846445480141645857

33550 LLlMATKO the Fighter (level 13, -6/118 HPs)
             Began as a Minotaur Berserker on Jan 17, 2022.
             Was a High Priest of Trog.
             Mangled by a vault guard (15 damage)
             ... on level 14 of the Dungeon.
             The game lasted 00:19:14 (18017 turns).

LLlMATKO the Fighter (Minotaur Berserker)          Turns: 18017, Time: 00:19:15

Health: -6/118     AC: 23    Str: 22    XL:     13   Next: 37%
Magic:  12/12      EV: 11    Int:  4    God:    Trog [*****.]
Gold:   947        SH:  0    Dex: 15    Spells: 12/12 levels left

rFire    . . .     SeeInvis .   Y - +10 battleaxe "Lobirphy" {vorpal, rC+}
rCold    + + .     Faith    .   (shield currently unavailable)
rNeg     . . .     Spirit   .   L - +0 plate armour
rPois    .         Reflect  .   (helmet restricted)
rElec    .         Harm     .   l - +2 cloak {Will+}
rCorr    +         Rampage  .   K - +0 pair of gloves
Will     +....                  b - +2 pair of boots
Stlth    ..........             n - amulet of the acrobat
HPRegen  0.29/turn              T - ring of resist corrosion
MPRegen  0.13/turn              O - ring of protection from cold

@: on berserk cooldown, slowed, very slow
A: horns 2, retaliatory headbutt
a: Renounce Religion, Berserk, Trog's Hand, Brothers in Arms


You were on level 14 of the Dungeon.
You worshipped Trog.
Trog was extremely pleased with you.
You visited 1 branch of the dungeon, and saw 14 of its levels.
You also visited: Ossuary.

You collected 947 gold pieces.

Inventory:

Hand Weapons
 c - a +2 whip of electrocution
 q - a +5 antimagic war axe
 y - a +0 hand crossbow
 N - a +4 hand axe of draining
 Y - the +10 battleaxe "Lobirphy" (weapon) {vorpal, rC+}
   (Trog gifted it to you on level 12 of the Dungeon)

   It inflicts extra damage upon your enemies.
   rC:        It protects you from cold.
Missiles
 d - 212 bolts
 e - 3 boomerangs of dispersal
 f - 2 throwing nets
 o - 54 poisoned darts (quivered)
 Q - 3 javelins
Armour
 b - a +2 pair of boots (worn)
 l - a +2 cloak of willpower (worn)
 t - a +2 kite shield
 K - a +0 pair of gloves (worn)
 L - a +0 plate armour (worn)
Jewellery
 n - an amulet of the acrobat (around neck)
 J - an amulet of regeneration
 O - a ring of protection from cold (right hand)
 S - a ring of fire
 T - a ring of resist corrosion (left hand)
 U - a ring of ice
 W - a ring of willpower
Wands
 p - a wand of charming (6)
 r - a wand of paralysis (9)
 D - a wand of flame (80)
 F - a wand of acid (5)
 R - a wand of iceblast (46)
Scrolls
 g - 4 scrolls of teleportation
 i - a scroll of silence
 j - 2 scrolls of enchant weapon
 m - 5 scrolls of magic mapping
 s - a scroll of blinking
 x - 3 scrolls of identify
 B - 2 scrolls of holy word
 H - a scroll of enchant armour
 M - 2 scrolls of fear
Potions
 a - 3 potions of might
 h - 11 potions of curing
 k - 2 potions of heal wounds
 u - a potion of flight {unknown}
 C - a potion of ambrosia {unknown}
 E - 3 potions of cancellation
 G - a potion of berserk rage {unknown}
 I - 2 potions of haste {unknown}
 X - 2 potions of invisibility {unknown}
 Z - a potion of resistance


   Skills:
 + Level 12.0 Fighting
 + Level 12.0 Axes
 + Level 9.7 Crossbows
 + Level 11.8 Armour
 + Level 10.9 Dodging
 + Level 10.8 Shields


You had 12 spell levels left.
You didn't know any spells.
Your spell library was empty.

Dungeon Overview and Level Annotations

Branches:
Dungeon (14/15)            Temple (0/1) D:4            Lair (0/6) D:9
    Orc (0/2) D:9         Ossuary (visited)
 Vaults: D:13-14

Altars:
Cheibriados
Elyvilon
Gozag
Hepliaklqana
Makhleb
Okawaru
Sif Muna
Trog
Vehumet
Wu Jian
Yredelemnul

Shops:
D:3 *   D:7 *


Innate Abilities, Weirdness & Mutations

You have a pair of horns on your head.
You reflexively headbutt those who attack you in melee.


Message History

The freezing wraith hits you but does no damage.
Your Axes skill increases to level 12!
Unknown command.
You slice the freezing wraith!!
You destroy the freezing wraith!
Trog accepts your kill.
Unknown command.
A centaur warrior comes into view.
Things that are here:
a +0 shortbow; 14 arrows; a vampire mosquito corpse You feel a strong urge to attack something.
You are no longer berserk.
You are exhausted.
You feel yourself slow down.
You start resting.
A vault guard comes into view.
It is wielding a +0 long sword and wearing a +1 plate armour of fire resistance.
The vault guard blocks your attack.
The vault guard hits you but does no damage.
The vault guard blocks your attack.
Your headbutt misses the vault guard.
The vault guard hits you with a +0 long sword!
* * * LOW HITPOINT WARNING * * *
The vault guard closely misses you. The vault guard blocks your attack.
You headbutt the vault guard.
The vault guard is lightly wounded.
The vault guard barely misses you.
You barely miss the vault guard. The vault guard blocks your attack.
The vault guard is lightly wounded.
The vault guard closely misses you. The vault guard misses you.
You furiously retaliate!
You headbutt the vault guard, but do no damage.
You slice the vault guard!!
The vault guard is moderately wounded.
You hear a shout!
The vault guard hits you with a +0 long sword!
* * * LOW HITPOINT WARNING * * *
The vault guard hits you but does no damage.
You slice the vault guard!!
The vault guard is severely wounded.
The vault guard hits you with a +0 long sword!
You die...

.....### #.# ###....#########.#
.................###########.####
.......########.......(..........
.##....# #..####..#########.
.##....# #..# #....###..##.
.##....# #..# ##....#....##
.##.#### #.†## #....#.....# ....#
##@.# #.......#... .#### ######p#
#....#..#... .# #y#°#.##
#....#..##.. .#### #°#.##
##...##...#[# ....#
#.#°####..###....:.. ##(.#
#.#°##.....##....##.# #...# #.#
#.#.###.#...###..# #...# #/#
##.###.#......... #...# #c#
#..##.##........


You could see a vault guard.

Vanquished Creatures
  A very ugly thing (D:14)
  Snorg (D:12)
  A fire dragon (D:14)
  Josephine (D:11)
  4 boulder beetles
  A hydra (D:14)
  Harold (D:8)
  4 centaur warriors
  2 two-headed ogres (D:9)
  Nergalle (D:11)
  A fire crab (shapeshifter) (D:14)
  A wizard (D:13)
  2 deep elf pyromancers
  3 cyclopes
  A gargoyle (D:11)
  A kobold demonologist (D:12)
  Maggie (D:8)
  An unseen horror (D:10)
  A freezing wraith (D:14)
  2 komodo dragons
  2 trolls
  3 meliai (D:14)
  Prince Ribbit (D:7)
  Grinder (D:6)
  10 slime creatures
  2 meliai zombies
  A shadow (D:11)
  A wyvern (D:8)
  2 water elementals (D:13)
  3 vampires
  A basilisk (D:8)
  6 wraiths
  18 yaks
  9 vampire mosquitoes
  Menkaure (D:5)
  Edmund (D:6)
  2 acid dragons
  4 orc warriors
  3 water moccasins
  A sky beast (D:6)
  An ice beast (D:5)
  A black bear (D:5)
  A necrophage (D:4)
  2 ogres
  10 centaurs
  3 phantoms
  A kobold brigand (D:12)
  Blork the orc (D:6)
  3 bullfrogs (D:9)
  3 scorpions
  A wyvern zombie (D:8)
  4 water moccasin zombies (Ossuary)
  A hornet simulacrum (D:14)
  2 water moccasin skeletons
  10 killer bees
  15 wights
  2 electric eels
  3 howler monkeys
  5 centaur zombies
  6 orc priests
  A gnoll shaman (D:6)
  5 hounds
  A centaur skeleton (D:5)
  A bullfrog skeleton (D:6)
  An iguana (D:7)
  10 orc wizards
  2 killer bee zombies
  A hound zombie (D:5)
  2 hound skeletons (D:4)
  3 mummies
  A howler monkey zombie (D:5)
  6 gnolls
  A howler monkey skeleton (D:7)
  4 adders
  A white imp (D:7)
  An ufetubus (D:6)
  An adder zombie (Ossuary)
  A worm (D:2)
  5 dart slugs
  33 orcs
  8 ball pythons
  3 endoplasms
  A giant cockroach (D:1)
  4 gnoll zombies (Ossuary)
  4 goblins
  3 hobgoblins
  6 jackals
  13 kobolds
  3 quokkas
  6 bats
  3 frilled lizards
  8 hobgoblin zombies (Ossuary)
  3 kobold zombies (Ossuary)
  8 orc zombies (Ossuary)
  9 rats
341 creatures vanquished.

Vanquished Creatures (others)
  An orc (D:8)
  19 fungi (D:9)
  51 plants
71 creatures vanquished.

Grand Total: 412 creatures vanquished

Notes
Turn   | Place    | Note
-------+----------+-------------------------------------------
     0 | D:1      | LLlMATKO the Minotaur Berserker began the quest for the
                  | Orb.
     0 | D:1      | Reached XP level 1. HP: 19/19 MP: 0/0
   155 | D:1      | Reached XP level 2. HP: 27/27 MP: 1/1
  1302 | D:2      | Reached XP level 3. HP: 28/33 MP: 2/2
  1399 | D:2      | Reached ** piety under Trog
  1487 | D:2      | Found a faded altar of an unknown god.
  2294 | D:3      | Reached XP level 4. HP: 41/41 MP: 3/3
  2620 | D:3      | Found Done Jie's Assorted Antiques.
  2708 | D:4      | Found a staircase to the Ecumenical Temple.
  2715 | D:4      | Noticed an ogre
  2723 | D:4      | Killed an ogre
  2724 | D:4      | Reached XP level 5. HP: 35/47 MP: 4/4
  2733 | D:4      | Reached skill level 5 in Fighting
  2733 | D:4      | Reached skill level 5 in Axes
  2900 | D:4      | Reached XP level 6. HP: 56/56 MP: 5/5
  3115 | D:4      | Reached *** piety under Trog
  3155 | D:4      | Reached skill level 1 in Shields
  3637 | D:5      | Entered Level 5 of the Dungeon
  3637 | D:5      | Noticed a water moccasin
  3650 | D:5      | Killed a water moccasin
  3651 | D:5      | Reached skill level 5 in Armour
  3651 | D:5      | Reached XP level 7. HP: 59/62 MP: 6/6
  3763 | D:5      | Noticed Menkaure
  3771 | D:5      | Killed Menkaure
  4027 | D:5      | Reached skill level 5 in Dodging
  4075 | D:5      | Found an ornate altar of the Wu Jian Council.
  4200 | D:5      | Reached skill level 1 in Crossbows
  4200 | D:5      | Reached XP level 8. HP: 71/71 MP: 7/7
  4295 | D:5      | Found a hazy altar of Hepliaklqana.
  4295 | D:5      | Found a snail-covered altar of Cheibriados.
  4297 | D:5      | Found a basalt altar of Yredelemnul.
  4589 | D:5      | Found a hazy altar of Hepliaklqana.
  4591 | D:5      | Found a snail-covered altar of Cheibriados.
  4591 | D:5      | Found a basalt altar of Yredelemnul.
  4853 | D:5      | Found an ornate altar of the Wu Jian Council.
  4962 | D:6      | Noticed Grinder
  4966 | D:6      | Killed Grinder
  5059 | D:6      | Found a sand-covered staircase.
  5066 | Ossuary  | Entered an ossuary
  5092 | Ossuary  | Reached **** piety under Trog
  5210 | Ossuary  | Reached XP level 9. HP: 78/79 MP: 8/8
  5522 | D:6      | Reached skill level 5 in Shields
  5636 | D:6      | Noticed Edmund
  5638 | D:6      | Noticed Blork the orc
  5654 | D:6      | Killed Blork the orc
  5663 | D:6      | Killed Edmund
  7159 | D:7      | Found a burning altar of Makhleb.
  7413 | D:7      | Noticed Prince Ribbit
  7428 | D:7      | Killed Prince Ribbit
  7474 | D:7      | Found a white marble altar of Elyvilon.
  7516 | D:7      | Found an opulent altar of Gozag.
  7546 | D:7      | Identified the +6 shortbow "Tasal" {vorpal, rF+}
  7625 | D:7      | Found Tojicvix's General Store.
  7747 | D:8      | Noticed Maggie
  7772 | D:8      | Killed Maggie
  7773 | D:8      | Reached XP level 10. HP: 22/90 MP: 9/9
  8114 | D:7      | Reached skill level 5 in Crossbows
  8224 | D:8      | Reached ***** piety under Trog
  8351 | D:8      | Found a bloodstained altar of Trog.
  8536 | D:8      | Noticed Harold
  8545 | D:8      | Killed Harold
  8571 | D:8      | Found a shimmering blue altar of Sif Muna.
  8744 | D:8      | Noticed a boulder beetle
  8793 | D:8      | Killed a boulder beetle
  9074 | D:8      | Found a bloodstained altar of Trog.
  9319 | D:8      | Found a shimmering blue altar of Sif Muna.
  9414 | D:9      | Noticed a cyclops
  9599 | D:9      | Noticed a two-headed ogre
  9606 | D:9      | Killed a two-headed ogre
  9607 | D:9      | Reached XP level 11. HP: 97/97 MP: 10/10
  9932 | D:9      | Found a staircase to the Lair.
 10320 | D:9      | Noticed a two-headed ogre
 10327 | D:9      | Killed a two-headed ogre
 10328 | D:9      | Reached skill level 10 in Axes
 10476 | D:9      | Reached skill level 10 in Fighting
 10578 | D:9      | Found a staircase to the Orcish Mines.
 10776 | D:9      | Found a staircase to the Orcish Mines.
 11046 | D:9      | Found a staircase to the Lair.
 11132 | D:10     | Entered Level 10 of the Dungeon
 11134 | D:10     | Found an iron altar of Okawaru.
 11582 | D:10     | Reached skill level 10 in Armour
 11768 | D:10     | Found a radiant altar of Vehumet.
 12045 | D:11     | Noticed Nergalle
 12058 | D:11     | Killed Nergalle
 12282 | D:11     | Noticed Josephine
 12295 | D:11     | Killed Josephine
 12296 | D:11     | Reached XP level 12. HP: 108/108 MP: 11/11
 13390 | D:12     | Noticed Snorg
 13577 | D:12     | Identified the +10 battleaxe "Lobirphy" {vorpal, rC+} (Trog
                  | gifted it to you on level 12 of the Dungeon)
 13577 | D:12     | Received a gift from Trog
 14074 | D:12     | Killed Snorg
 14621 | D:12     | Noticed a centaur warrior
 14636 | D:12     | Killed a centaur warrior
 15454 | D:13     | Reached skill level 10 in Dodging
 15579 | D:13     | Noticed a centaur warrior
 15647 | D:13     | Reached skill level 10 in Shields
 15714 | D:13     | Killed a centaur warrior
 15887 | D:13     | Received a gift from Trog
 16547 | D:14     | Noticed a boulder beetle
 16548 | D:14     | Noticed a green very ugly thing
 16550 | D:14     | Noticed a fire dragon
 16553 | D:14     | Noticed a centaur warrior
 16555 | D:14     | Killed a boulder beetle
 16558 | D:14     | Killed a green very ugly thing
 16559 | D:14     | Reached XP level 13. HP: 104/117 MP: 12/12
 16563 | D:14     | Killed a fire dragon
 18017 | D:14     | Mangled by a vault guard

Illustrated notes

Levels and vault maps discovered:
D:1:      psy_arrival_fountain, layout_rooms, minmay_strange_pillars,
          kennysheep_decorative_pillar, minmay_misc_feat_enclosed,
          amcnicky_mini_pool_small
D:2:      kennysheep_big_flooded_room, layout_rooms,
          chequers_ecumenical_altar_twisty
D:3:      layout_basic, serial_shops, nicolae_lakefront_shop
D:4:      layout_cave_pools, minmay_temple_entry_proselytizer
D:5:      layout_gridville, grunt_temple_overflow_open, lemuel_round_altar,
          uniq_menkaure
D:6:      minmay_skewed_foursquare, layout_loops_ring,
          gup_ossuary_entry_pyramid, uniq_blork_the_orc, uniq_edmund,
          uniq_grinder
D:7:      layout_rooms, nicolae_overflow_crystal_walls, lemuel_round_altar,
          amcnicky_altar_gilded, serial_shops, nicolae_take_the_stairs,
          uniq_prince_ribbit1
D:8:      layout_rooms, bloody_trog, led_sif_pool, serial_bayou_pond_b,
          uniq_maggie, uniq_harold
D:9:      layout_loops_ring, grunt_lair_entry_orc_guard_hut
D:10:     layout_gridville, mainiacjoe_overflow_small_starburst,
          mainiacjoe_overflow_alcove_2
D:11:     layout_loops_ring, uniq_josephine, uniq_nergalle
D:12:     layout_basic, uniq_snorg
D:13:     layout_roguey, serial_curves, eino_curves_04, eino_curves_02,
          eino_curves_01, serial_bayou_lake_a
D:14:     minmay_curly_fans, layout_basic, david_vaults_5, serial_park_tiny_1

Skill      XL: |  1  2  3  4  5  6  7  8  9 10 11 12 13 |
---------------+----------------------------------------+-----
Fighting       | 4 5 6 7 8 9 10 11 12 | 12.0
Axes           | 4 5 6 7 8 9 10 11 12 | 12.0
Armour         | 3 4 5 6 8 9 10 11 | 11.8
Dodging        | 3 4 5 6 7 8 9 10 | 10.9
Shields        | 1 3 4 6 7 9 10 | 10.8
Crossbows      | 1 3 4 6 7 9 |  9.7

Action                   |  1- 3 |  4- 6 |  7- 9 | 10-12 | 13-15 || total
-------------------------+-------+-------+-------+-------+-------++-------
Melee: Hand axe          |    85 |    95 |    42 |   375 |       ||   597
       Headbutt          |     8 |    18 |    57 |   137 |    23 ||   243
       War axe           |       |       |   255 |    51 |       ||   306
       Battleaxe         |       |       |       |   136 |    62 ||   198
       Whip              |       |       |       |       |     9 ||     9
Throw: Dart              |       |     4 |       |    13 |       ||    17
Invok: Berserk           |     1 |     4 |     6 |    19 |     2 ||    32
  Use: Scroll            |       |       |     5 |    18 |       ||    23
Armor: Animal skin       |     6 |       |       |       |       ||     6
       Scale mail        |    31 |    43 |    72 |       |       ||   146
       Chain mail        |       |       |    25 |       |       ||    25
       Plate armour      |       |       |       |   343 |    54 ||   397
Dodge: Dodged            |    60 |    53 |   106 |   226 |    40 ||   485
Block: Kite shield       |       |    16 |   199 |   309 |       ||   524
